 Dungeon Crawl Stone Soup version 0.27-a0-1374-gc14e5d3922 (webtiles) character file.

Game seed: 4450187671120528750

38 Ijustatesigmund the Shield-Bearer (level 3, -8/26 HPs)
             Began as an Octopode Fighter on June 29, 2021.
             Mangled by Sigmund (14 damage)
             ... on level 2 of the Dungeon.
             The game lasted 00:01:51 (1224 turns).

Ijustatesigmund the Shield-Bearer (OpFi)            Turns: 1224, Time: 00:01:52

Health: -8/26      AC:  1    Str: 15    XL:     3   Next: 43%
Magic:  3/3        EV: 11    Int: 10    God:
Gold:   51         SH:  8    Dex: 12    Spells: 2/2 levels left

rFire    . . .     SeeInvis .   a - +0 war axe
rCold    . . .     Faith    .   b - +0 kite shield
rNeg     . . .     Spirit   .   (helmet restricted)
rPois    .         Reflect  .   (no amulet)
rElec    .         Harm     .   (no ring)
rCorr    .         Rampage  .   (no ring)
Will     .....                  (no ring)
Stlth    ++........             (no ring)
HPRegen  0.08/turn              (no ring)
MPRegen  0.08/turn              (no ring)
                                (no ring)
                                (no ring)

@: mighty
A: almost no armour, amphibious, 8 rings, camouflage 1, gelatinous body 1,
(nimble swimmer 1), tentacles
a: no special abilities


You were on level 2 of the Dungeon.
You visited 1 branch of the dungeon, and saw 2 of its levels.

You collected 51 gold pieces.

Inventory:

Hand Weapons
 a - a +0 war axe (weapon)
Missiles
 f - 2 throwing nets (quivered)
Armour
 b - a +0 kite shield (worn)
Scrolls
 e - a scroll of teleportation {unknown}
 h - a scroll of blinking {unknown}
Potions
 d - a potion of lignification {unknown}
 g - 2 potions of heal wounds {unknown}


   Skills:
 + Level 3.2 Fighting
 * Level 2.8 Axes
 + Level 3.3 Dodging
 + Level 3.3 Shields


You had 2 spell levels left.
You didn't know any spells.
Your spell library was empty.

Dungeon Overview and Level Annotations

Branches:
Dungeon (2/15)

Altars:

Annotations:
D:2 Sigmund


Innate Abilities, Weirdness & Mutations

You cannot wear most types of armour.
You are amphibious.
You can wear up to eight rings at the same time.
Your skin changes colour to match your surroundings (Stealth+).
Your rubbery body absorbs attacks. (AC +1, EV +1)
((You are camouflaged near water. (Stealth+)))
You have tentacles for arms and can constrict up to eight enemies at once.


Message History

No target in view!
No target in view!
You see here a jackal corpse.
Found 30 stones.
You see here 30 stones.
You see here 30 stones.
Done exploring.
Done exploring.
(D) Dungeon
Where to? (? - help)
There is a stone staircase leading down here.
You climb downwards.
Found a hand axe.
There is a stone staircase leading up here.
Found an escape hatch in the ceiling.
Found a stone staircase leading down.
Found a ring mail.
There is a stone staircase leading down here.
Found a stone staircase leading up.
There is a stone staircase leading up here.
Sigmund the Dreaded comes into view.
He is wielding a +0 scythe.
Sigmund shouts!
You hear a shout!
A goblin comes into view. It is wielding a +0 dagger.
Found a stone staircase leading down.
You feel very mighty all of a sudden.
Sigmund casts a spell.
Sigmund flickers and vanishes!
Deactivating autopickup; reactivate with Ctrl-A.
You barely miss the goblin. You grab the goblin. You squeeze the goblin.
You kill the goblin!
No target in view!
No target in view!
Something hits you!
Ouch! That really hurt!
Found a scroll labelled KURUPE HACULOMN.
Something hits you!
* * * LOW HITPOINT WARNING * * *
You miss something. Something hits you!
Ouch! That really hurt!
You die...

#.#.##### ..?. #.#
.......<. ...##.#
..#...... #..##.#
......... #..##.#
.##...... #..##.#
........# #..##.###
.###.#..#######..)....#
<....#..............#.#
.##### # ###..{@.##.#.#
.. #........###.# ...
##.....##.# ## ..##
##...## .. ... ##>## #
### #. #. #.


There were no monsters in sight!

Vanquished Creatures
  2 dart slugs (D:1)
  5 bats (D:1)
  4 goblins
  2 hobgoblins (D:1)
  6 jackals (D:1)
  3 quokkas (D:1)
  2 ball pythons (D:1)
  2 frilled lizards (D:1)
  2 kobolds (D:1)
  A rat (D:1)
29 creatures vanquished.

Notes
Turn   | Place    | Note
-------+----------+-------------------------------------------
     0 | D:1      | Ijustatesigmund the Octopode Fighter began the quest for
                  | the Orb.
     0 | D:1      | Reached XP level 1. HP: 16/16 MP: 1/1
   210 | D:1      | Found a faded altar of an unknown god.
   217 | D:1      | Reached XP level 2. HP: 17/21 MP: 2/2
   624 | D:1      | Reached XP level 3. HP: 26/26 MP: 3/3
  1218 | D:2      | Noticed Sigmund
  1224 | D:2      | Mangled by Sigmund

Illustrated notes

Levels and vault maps discovered:
D:1:      amcnicky_arrival_underground_garden, layout_basic,
          basic_ecumenical_altar, serial_park_tiny_pond, minmay_fountain_box
D:2:      minmay_diamond_boxcup, layout_loops_ring, uniq_sigmund

Action                   || total
-------------------------++-------
Melee: War axe           ||    53
       Constrict         ||    15
       Tentacles         ||     9
  Use: Potion            ||     1
 Stab: Sleeping          ||     4
       Distracted        ||     1
Armor: Skin              ||     7
Dodge: Dodged            ||    37
Block: Kite shield       ||    25

Table legend: (Time is in decaauts)
 A = Elapsed time spent in this place.
 B = Non-inter-level travel time spent in this place.
 C = Inter-level travel time spent in this place.
 D = Time resting spent in this place.
 E = Time spent auto-exploring this place.
 F = Levels seen in this place.
 G = Mean time per level.
                   A        B        C        D        E       F      G
               +--------+--------+--------+--------+--------+-----+--------+
         Total |   1255 |   1246 |      9 |     74 |    940 |   2 |  627.5 |
       Dungeon |   1255 |   1246 |      9 |     74 |    940 |   2 |  627.5 |
               +--------+--------+--------+--------+--------+-----+--------+

Top non-repeatable levels by time:
     D:1: 1188 daAuts
     D:2: 67 daAuts
